 Dungeon Crawl Stone Soup version 0.32-a0-366-gfe75644 (webtiles) character file.

Game seed: 6128124517106695822

268 Nithhogg the Trooper (level 6, -3/79 HPs)
             Began as a Mountain Dwarf Fighter on Feb 18, 2024.
             Slain by a water moccasin (7 damage)
             ... on level 7 of the Dungeon.
             The game lasted 00:06:08 (2732 turns).

Nithhogg the Trooper (Mountain Dwarf Fighter)       Turns: 2732, Time: 00:06:09

Health: -3/79      AC: 23    Str: 21    XL:     6   Next: 1%
Magic:  8/8        EV:  2    Int:  8    God:
Gold:   113        SH:  0    Dex:  9    Spells: 5/5 levels left

rFire   . . .        a - +0 war axe
rCold   . . .        (no shield)
rNeg    . . .        b - melded +1 scale mail
rPois   +            (helmet currently unavailable)
rElec   .            (cloak currently unavailable)
rCorr   .            (gloves currently unavailable)
SInv    .            (boots currently unavailable)
Will    +....        (no amulet)
Stlth   +            (no ring)
HPRegen 0.33/turn    (no ring)
MPRegen 0.11/turn

%: no passive effects
@: mighty, tree-form (expiring), on berserk cooldown, enlightened, hasted and
slowed
A: stationary, stasis, torment immunity, boosted hp, runic magic, artefact
enchanting
a: no special abilities


You were on level 7 of the Dungeon.
You were a tree.
You visited 1 branch of the dungeon, and saw 5 of its levels.

You collected 113 gold pieces.

Inventory:

Hand Weapons
 a - a +0 war axe (weapon)
Missiles
 i - 3 poisoned darts (quivered)
Armour
 b - a +1 scale mail (melded)
 c - a +0 buckler
 k - the +1 robe of Vines {NoPotionHeal Regen++++}
   (You found it on level 2 of the Dungeon)

   NoPotionHeal: Its wearer cannot be healed by potions.
   Regen++++: It increases your rate of health regeneration.
Jewellery
 g - a ring of fire
 p - a ring of magical power
 q - an amulet of magic regeneration
Scrolls
 l - a scroll of enchant weapon
 n - a scroll of enchant armour
Potions
 f - a potion of enlightenment
 h - a potion of lignification
 s - a potion of berserk rage


   Skills:
 + Level 4.6 Fighting
 + Level 4.3 Axes
 + Level 4.6 Armour
 - Level 3.2 Shields
 + Level 3.6 Invocations


You had 5 spell levels left.
You didn't know any spells.
Your spell library contained the following spells:

 Spells                   Type           Power      Damage    Failure   Level
 Slow                     Hex            0%         N/A       41%         1
 Ensorcelled Hibernation  Hex/Ice        0%         N/A       54%         2
 Scorch                   Fire           0%         2d5       54%         2
 Confusing Touch          Hex            0%         N/A       78%         3
 Hailstorm                Conj/Ice       0%         3d5       78%         3
 Passwall                 Erth           0%         N/A       78%         3
 Sigil of Binding         Hex            0%         N/A       78%         3
 Summon Ice Beast         Ice/Summ       0%         N/A       78%         3
 Swiftness                Air            0%         N/A       78%         3
 Vampiric Draining        Necr           0%         2d6       78%         3
 Flame Wave               Conj/Fire      0%         2d4       99%         4
 Sculpt Simulacrum        Ice/Alch       0%         N/A       100%        6
 Summon Cactus Giant      Summ           0%         N/A       100%        6


Dungeon Overview and Level Annotations

Branches:
Dungeon (4/15)
 Temple: D:4-7

Altars:
Uskayaw

Shops:
D:2 *[?


Innate Abilities, Weirdness & Mutations

You are a tree.
Your roots penetrate the ground, keeping you stationary.
You cannot be teleported.
You are immune to unholy pain and torment.
Your maximum health is greatly increased.
Your equipment is partially melded.
Your spellcasting is much less encumbered by armour.
You can use scrolls of enchantment on lesser artefacts.


Message History

The water moccasin is heavily wounded.
The water moccasin bites you.
* * * LOW HITPOINT WARNING * * *
You closely miss the water moccasin.
The water moccasin is heavily wounded.
The water moccasin bites you but does no damage. x2
You barely miss the water moccasin.
The water moccasin is heavily wounded.
The water moccasin bites you but does no damage.
You slash the water moccasin!
The water moccasin is severely wounded.
The water moccasin bites you but does no damage.
You barely miss the water moccasin.
The water moccasin is severely wounded.
The water moccasin bites you but does no damage.
You hit the water moccasin.
The water moccasin is almost dead.
The water moccasin bites you but does no damage.
You closely miss the water moccasin.
The water moccasin is almost dead.
You are no longer berserk.
You are exhausted.
You feel yourself slow down.
The water moccasin bites you but does no damage. x2
You miss the water moccasin.
The water moccasin is almost dead.
The water moccasin barely misses you.
You barely miss the water moccasin.
The water moccasin is severely wounded.
The water moccasin bites you.
* * * LOW HITPOINT WARNING * * *
The water moccasin bites you but does no damage.
You barely miss the water moccasin.
The water moccasin is severely wounded.
The water moccasin bites you but does no damage. x2
You hit the water moccasin.
The water moccasin is almost dead.
Your transformation is almost over.
The water moccasin bites you!
You die...

########.###.#
...........#
#.#
######.####
#.# #.# ..#
#.# ..# #.#
#.# #.# #.#
#.# #S# #.#
#♣# #.######.#
#........#
##########


You could see a water moccasin.

Vanquished Creatures
  A bullfrog (D:7)
  An iguana (D:7)
  Natasha (twice) (D:3)
  Terence (D:2)
  An adder (D:2)
  A dart slug (D:1)
  3 orcs
  4 endoplasms
  A giant cockroach (D:1)
  6 hobgoblins
  6 quokkas
  4 ball pythons
  4 bats
  6 frilled lizards
  5 goblins
  3 kobolds
  5 rats
54 creatures vanquished.

Notes
Turn   | Place    | Note
-------+----------+-------------------------------------------
     0 | D:1      | Nithhogg the Mountain Dwarf Fighter began the quest for the
                  | Orb.
     0 | D:1      | Reached XP level 1. HP: 19/19 MP: 1/1
    98 | D:1      | Reached skill level 1 in Invocations
    98 | D:1      | Reached XP level 2. HP: 25/26 MP: 2/2
   300 | D:1      | Reached XP level 3. HP: 26/33 MP: 4/4
   664 | D:2      | Noticed Terence
   677 | D:2      | Killed Terence
   775 | D:2      | Found Osedukess's General Store.
   787 | D:2      | Found the +1 robe of Vines {NoPotionHeal Regen++++}
   796 | D:2      | Found a hide-covered altar of Uskayaw.
   851 | D:2      | Found Meny's Antique Armour Emporium.
  1218 | D:2      | Reached XP level 4. HP: 36/40 MP: 5/5
  1226 | D:2      | Found Yvumatei's Magic Scroll Shoppe.
  1555 | D:3      | Noticed Natasha
  1565 | D:3      | Killed Natasha
  1675 | D:3      | Noticed an ogre
  1951 | D:3      | Reached XP level 5. HP: 46/46 MP: 7/7
  2123 | D:3      | Noticed Natasha
  2141 | D:3      | Killed Natasha
  2314 | D:4      | You fall into a shaft and drop 3 floors!
  2405 | D:7      | Noticed an orc warrior
  2416 | D:7      | Noticed a water moccasin
  2691 | D:7      | Noticed a water moccasin
  2703 | D:7      | Reached XP level 6. HP: 24/53 MP: 8/8
  2722 | D:7      | HP: 4/118 [water moccasin (3)]
  2730 | D:7      | HP: 3/79 [water moccasin (1)]
  2732 | D:7      | Slain by a water moccasin

Illustrated notes

Levels and vault maps discovered:
D:1:      tarquinn_simple_flora_water_c, layout_basic
D:2:      layout_basic, serial_shops, shop, nicolae_shop_gibbet_a_chance, shop,
          basic_altar, uniq_terence
D:3:      layout_loops_ring, minmay_misc_feat_pillars, uniq_natasha
D:4:      layout_layer_cave, serial_shops, shop, minmay_bisected
D:7:      layout_basic

Skill      XL: |  1  2  3  4  5 |
---------------+----------------+-----
Invocations    | 1 2 3 |  3.6
Axes           | 3 4 |  4.3
Fighting       | 4 |  4.6
Armour         | 4 |  4.6
Shields        | |  3.2

Action                     |  1- 3 |  4- 6 || total
---------------------------+-------+-------++-------
  Melee: War axe           |    71 |   132 ||   203
    Use: Scroll            |     2 |     4 ||     6
         Potion            |       |     7 ||     7
 Armour: Scale mail        |    64 |    97 ||   161
         Skin              |       |    25 ||    25
  Dodge: Dodged            |    33 |    68 ||   101

Table legend: (Time is in decaauts)
 A = Elapsed time spent in this place.
 B = Non-inter-level travel time spent in this place.
 C = Inter-level travel time spent in this place.
 D = Time resting spent in this place.
 E = Time spent auto-exploring this place.
 F = Levels seen in this place.
 G = Mean time per level.
                   A        B        C        D        E       F      G
               +--------+--------+--------+--------+--------+-----+--------+
         Total |   2793 |   2718 |     75 |    223 |   1794 |   5 |  558.6 |
       Dungeon |   2793 |   2718 |     75 |    223 |   1794 |   5 |  558.6 |
               +--------+--------+--------+--------+--------+-----+--------+

Top non-repeatable levels by time:
     D:2: 912 daAuts
     D:3: 733 daAuts
     D:1: 678 daAuts
     D:7: 423 daAuts
     D:4: 45 daAuts
